 Dungeon Crawl Stone Soup version 0.28-a0-1524-ge72afd5fc6 (webtiles) character file.

Game seed: 15820544900211744605

16937 murtidash the Thaumaturge (level 12, -14/91 HPs)
             Began as a Djinni Ice Elementalist on Jan 17, 2022.
             Was an Elder of Makhleb.
             Demolished by an orc knight (28 damage)
             ... on level 2 of the Orcish Mines.
             The game lasted 00:36:00 (12432 turns).

murtidash the Thaumaturge (DjIE)                   Turns: 12432, Time: 00:36:00

Health: -14/91     AC: 14    Str:  7    XL:     12   Next: 76%
Gold:   818        EV: 21    Int: 20    God:    Makhleb [****..] SH:  0 Dex: 16

rFire   + + +      SeeInvis .   b - +2 mace (protect)
rCold   x . .      Faith    .   (no shield)
rNeg    + . .      Spirit   .   l - +1 robe of the Furrier {rF+ rN+ Archmagi}
rPois   ∞          Reflect  .   (no helmet)
rElec   .          Harm     .   (no cloak)
rCorr   .          Rampage  .   (no gloves)
Will    +....      Archmagi +   (boots unavailable)
Stlth   ++........              q - amulet of regeneration {+regen, !d}
HPRegen 1.05/turn               t - +4 ring of evasion
MPRegen 0.00/turn               z - +4 ring of protection

@: under a protective aura, flying
A: sickness immunity, fire resistance 2, cold vulnerability 1, float, innate
caster, hp casting, extra vitality 1
a: Renounce Religion, Minor Destruction, Lesser Servant of Makhleb, Major
Destruction


You were on level 2 of the Orcish Mines.
You worshipped Makhleb.
Makhleb was greatly pleased with you.
You visited 2 branches of the dungeon, and saw 13 of its levels.

You collected 1148 gold pieces.
You spent 330 gold pieces at shops.

Inventory:

Hand Weapons
 b - a +2 mace of protection (weapon)
   (You found it on level 3 of the Dungeon)
Armour
 a - a +0 robe
 l - the +1 robe of the Furrier (worn) {rF+ rN+ Archmagi}
   (You found it on level 4 of the Dungeon)

   rF:        It protects you from fire.
   rN:        It protects you from negative energy.
   Archmagi:  It increases the power of your magical spells.
 w - +0 steam dragon scales
   (You found it on level 7 of the Dungeon)
Jewellery
 q - an amulet of regeneration (around neck) {+regen, !d}
   (You found it on level 5 of the Dungeon)
 t - a +4 ring of evasion (left hand)
   (You found it on level 7 of the Dungeon)
 u - a +4 ring of evasion
   (You found it on level 6 of the Dungeon)
 z - a +4 ring of protection (right hand)
   (You found it on level 8 of the Dungeon)
 C - a +4 ring of protection
   (You found it on level 8 of the Dungeon)
 G - a +4 ring of evasion
   (You found it on level 10 of the Dungeon)
Wands
 g - a wand of flame (14)
   (You found it on level 6 of the Dungeon)
 o - a wand of digging (20)
   (You found it on level 4 of the Dungeon)
 D - a wand of iceblast (2)
   (You found it on level 9 of the Dungeon)
 E - a wand of acid (3)
   (You found it on level 9 of the Dungeon)
Scrolls
 c - 2 scrolls of torment {!r}
 d - a scroll of silence
 e - 8 scrolls of teleportation
 k - a scroll of holy word {!r}
 r - a scroll of immolation {!r}
 x - a scroll of magic mapping {!r}
 y - a scroll of enchant weapon
 A - 2 scrolls of enchant armour {unknown}
 H - a scroll of blinking {!r}
Potions
 f - a potion of invisibility {unknown}
 h - a potion of degeneration {!q}
 i - 3 potions of might
 j - 3 potions of brilliance
 m - 6 potions of curing
 n - 4 potions of heal wounds
 p - 3 potions of attraction {!q}
 s - 3 potions of ambrosia
 v - a potion of berserk rage {unknown}
 B - 3 potions of flight {unknown}
 F - a potion of resistance {unknown}


   Skills:
 - Level 10.0 Fighting
 - Level 10.0 Dodging
 - Level 1.5 Stealth
 + Level 11.5 Spellcasting
 - Level 5.0 Evocations


You had 8 spell levels left.
You knew the following spells:

 Your Spells              Type           Power      Damage    Failure   Level
c - Call Imp              Summ           72%        N/A       1%          2
g - Frozen Ramparts       Ice            100%       1d12      1%          3
A - Ozocubu's Armour      Ice            72%        N/A       1%          3
G - Manifold Assault      Tloc           72%        N/A       1%          5
K - Passage of Golubria   Tloc           72%        N/A       1%          4
M - Portal Projectile     Hex/Tloc       100%       N/A       1%          3
U - Animate Skeleton      Necr           100%       N/A       1%          1
X - Hailstorm             Conj/Ice       72%        3d15      1%          4
Z - Freeze                Ice            100%       1d11      1%          1
Your spell library was empty.

Dungeon Overview and Level Annotations

Branches:
Dungeon (11/15)            Temple (0/1) D:7            Lair (0/6) D:11
    Orc (2/2) D:10
    Elf: Orc:2

Altars:
Ashenzari
Cheibriados
Dithmenos
Elyvilon
Gozag
Makhleb
Qazlal
Ru
Uskayaw
Vehumet
Wu Jian
Xom
Yredelemnul
Beogh

Shops:
D:4 !   D:5 (   D:7 :   D:10 *   Orc:2 (


Innate Abilities, Weirdness & Mutations

You are immune to sickness and miasma.
You are immune to poison.
Your flesh is very heat resistant. (rF++)
You are vulnerable to cold. (rC-)
You float through the air rather than walking.
You learn spells naturally, not from books.
Your magical power is your life essence.
You have superior vitality. (+4 MHP)


Message History

You feel a surge of power!
You freeze the orc knight!
The wall freezes the orc knight.
The orc throws a silver boomerang.
The silver boomerang hits you but does no damage.
You take 1 damage, and have 44/91 hp.
Aim: an orc knight, wielding a +0 battleaxe and wearing a +0 plate armour (severely wounded)
You feel a surge of power!
You freeze the orc knight.
An orc warrior comes into view. It is wielding a +0 hand axe.
The wall freezes the orc knight!
The orc knight hits you with a +0 battleaxe!!
* * * LOW HITPOINT WARNING * * *
You take 19 damage, and have 25/91 hp.
MASSIVE DAMAGE!!
Aim: an orc knight, wielding a +0 battleaxe and wearing a +0 plate armour (almost dead)
You feel a surge of power!
You freeze the orc knight.
The orc warrior shouts!
* * * LOW HITPOINT WARNING * * *
The frozen ramparts melt away.
The orc knight grunts repeatedly.
The orc knight roars a battlecry!
The orcs go into a battle-frenzy!
You feel a surge of power!
* * * LOW HITPOINT WARNING * * *
The orc knight completely misses you.
You take 3 damage, and have 22/91 hp.
Okay, then.
Unknown command.
Okay, then.
Unknown command.
Unknown command.
Here: an orc knight, wielding a +0 battleaxe and wearing a +0 plate armour (almost dead)
Items here: $ ) [ †.
The floor.
Unknown command.
Unknown command.
Unknown command.
Your icy armour will break if you move.
Continue?
Your icy armour cracks and falls away as you move.
The orc warrior enters the passage of Golubria.
The orc throws a silver boomerang.
The silver boomerang closely misses you.
Okay, then.
Unknown command.
You feel much better. The orc knight misses you.
You regained 25 hp, and now have 50/91 hp.
You feel a surge of power!
Space momentarily warps into an impossible shape!
You thump the orc!
Your weapon exudes an aura of protection.
You kill the orc!
Makhleb accepts your kill.
You feel better.
You hit the orc warrior but do no damage.
You closely miss the orc warrior.
The orc knight hits you with a +0 battleaxe!
The orc warrior completely misses you. The orc knight closely misses you.
You take 15 damage, and have 35/91 hp.
You feel a surge of power!
Space momentarily warps into an impossible shape!
You barely miss the orc warrior. You sock the orc!
You kill the orc!
Makhleb accepts your kill.
You completely miss the orc warrior. You barely miss the orc knight.
The orc warrior misses you.
The orc knight hits you with a +0 battleaxe!!
* * * LOW HITPOINT WARNING * * *
You take 29 damage, and have 6/91 hp.
MASSIVE DAMAGE!!
Okay, then.
Unknown command.
You feel much better. The orc warrior misses you.
The orc knight closely misses you.
You regained 30 hp, and now have 36/91 hp.
Okay, then.
Unknown command.
Unknown command.
Okay, then.
Unknown command.
The orc warrior barely misses you.
You regained 2 hp, and now have 38/91 hp.
The orc warrior completely misses you.
This passage doesn't lead anywhere!
There is a passage of Golubria here.
A passage of Golubria.
Okay, then.
Unknown command.
Okay, then.
Unknown command.
Okay, then.
Unknown command.
You feel a surge of power!
Space momentarily warps into an impossible shape!
You hit the orc knight.
Your weapon exudes an aura of protection.
You hit the orc warrior but do no damage.
You closely miss the orc warrior.
The orc warrior hits you with a +0 dire flail!
The orc knight hits you but does no damage.
The orc warrior misses you.
The orc warrior hits you with a +0 hand axe!
* * * LOW HITPOINT WARNING * * *
The orc knight hits you with a +0 battleaxe!!
You die...

...... ......### ........#
........#### ......)....##
.#....#.#.......## ......
##.......## .......##
###)......##
..#..........###@)).......#
..............#ooo<......##
#.............#..)......##
#...............)......##
$....................###
.......#.............#
......####))........##
.....# ###.......###
o....####..).......###


You could see an orc knight and 2 orc warriors.

Vanquished Creatures
  Harold (D:9)
  A centaur warrior (D:10)
  5 two-headed ogres
  A tengu warrior (D:11)
  Sonja (Orc:2)
  The ghost of math4jedi the Lightning Rod, a novice HOFi of Qazlal (D:7)
  2 cyclopes (D:11)
  A gargoyle (D:11)
  Maggie (D:8)
  An unseen horror (D:9)
  A kobold demonologist (D:9)
  A komodo dragon (D:11)
  Psyche (D:11)
  2 trolls
  2 wyverns (D:9)
  A water elemental (D:11)
  5 yaks (D:10)
  2 steam dragons
  2 vampire mosquitoes (D:9)
  An acid dragon (D:10)
  5 water moccasins
  9 orc warriors
  3 ice beasts
  A sky beast (D:8)
  A hornet zombie (D:6)
  2 black bears
  2 ogres
  A necrophage (D:7)
  8 centaurs
  3 phantoms
  2 kobold brigands
  2 wyvern zombies
  A bullfrog (D:8)
  A scorpion (D:6)
  2 gnoll sergeants
  A water moccasin skeleton (D:5)
  4 killer bees (D:9)
  4 wights (D:8)
  5 electric eels (D:11)
  9 centaur zombies
  A hound (D:7)
  9 orc priests
  3 bullfrog skeletons (D:5)
  A jelly (D:8)
  4 iguanas
  4 orc wizards
  2 hound skeletons
  14 gnolls
  6 adders
  2 shadow imps (D:7)
  A white imp (D:8)
  An ufetubus (D:7)
  3 worms
  54 orcs
  6 ball pythons
  8 endoplasms
  2 giant cockroaches
  12 goblins
  4 hobgoblins
  5 jackals
  5 quokkas
  5 bats
  17 kobolds
  8 rats
  A spectral orc (D:6)
277 creatures vanquished.

Vanquished Creatures (collateral kills)
  A necrophage (D:3)
1 creature vanquished.

Vanquished Creatures (others)
  4 plants (Orc:2)
  2 withered plants (D:7)
6 creatures vanquished.

Grand Total: 284 creatures vanquished

Notes
Turn   | Place    | Note
-------+----------+-------------------------------------------
     0 | D:1      | murtidash the Djinni Ice Elementalist began the quest for
                  | the Orb.
     0 | D:1      | Reached XP level 1. HP: 15/15 MP: 0/0
   212 | D:1      | Reached XP level 2. HP: 16/21 MP: 0/0
   448 | D:1      | Found a faded altar of an unknown god.
   762 | D:1      | Reached XP level 3. HP: 24/25 MP: 0/0
   762 | D:1      | Learned a level 1 spell: Animate Skeleton
  1078 | D:2      | Reached skill level 4 in Spellcasting
  1251 | D:2      | Reached XP level 4. HP: 29/31 MP: 0/0
  1797 | D:2      | Reached XP level 5. HP: 13/35 MP: 0/0
  1797 | D:2      | Learned a level 2 spell: Call Imp
  2220 | D:3      | Reached skill level 5 in Spellcasting
  2449 | D:3      | Found a sacrificial altar of Ru.
  2627 | D:3      | Noticed a necrophage
  2636 | D:3      | Killed a necrophage
  2637 | D:3      | Reached XP level 6. HP: 35/40 MP: 0/0
  2712 | D:3      | Found a snail-covered altar of Cheibriados.
  2915 | D:3      | Found a hide-covered altar of Uskayaw.
  2938 | D:3      | Found a shimmering altar of Xom.
  3127 | D:3      | Found a stormy altar of Qazlal.
  3416 | D:4      | Reached skill level 6 in Spellcasting
  3427 | D:4      | Reached XP level 7. HP: 17/45 MP: 0/0
  3427 | D:4      | Learned a level 3 spell: Portal Projectile
  3682 | D:4      | Found a burning altar of Makhleb.
  3684 | D:4      | Noticed a blizzard demon
  3688 | D:4      | Noticed a ynoxinul
  3688 | D:4      | Noticed a hellwing
  3753 | D:4      | Became a worshipper of Makhleb the Destroyer
  3854 | D:4      | Identified the +1 robe of the Furrier {rF+ rN+ Archmagi}
  3950 | D:4      | Found Tifygyuj's Distillery.
  3953 | D:4      | Bought a potion of heal wounds for 50 gold pieces
  3953 | D:4      | Bought 2 potions of curing for 60 gold pieces
  4225 | D:5      | Entered Level 5 of the Dungeon
  4384 | D:4      | HP: 6/45 [phantom (3)]
  5098 | D:5      | Reached skill level 7 in Spellcasting
  5300 | D:5      | Noticed a water moccasin
  5305 | D:5      | Killed a water moccasin
  5306 | D:5      | Reached XP level 8. HP: 42/50 MP: 0/0
  5432 | D:5      | Found Awkeissi's Weapon Emporium.
  5716 | D:5      | Reached * piety under Makhleb
  6108 | D:6      | Reached skill level 1 in Fighting
  6108 | D:6      | Reached skill level 8 in Spellcasting
  6269 | D:6      | Reached skill level 3 in Dodging
  6279 | D:6      | Reached skill level 2 in Fighting
  6336 | D:6      | Reached XP level 9. HP: 23/59 MP: 0/0
  6336 | D:6      | Learned a level 4 spell: Passage of Golubria
  6598 | D:6      | Reached skill level 3 in Fighting
  6598 | D:6      | Reached skill level 4 in Dodging
  6794 | D:6      | Reached skill level 5 in Dodging
  6919 | D:6      | Found a basalt altar of Yredelemnul.
  7096 | D:7      | Reached skill level 4 in Fighting
  7161 | D:7      | Found Nuileal's Book Emporium.
  7263 | D:7      | Found an ornate altar of the Wu Jian Council.
  7268 | D:7      | Found a white marble altar of Elyvilon.
  7304 | D:7      | Reached ** piety under Makhleb
  7396 | D:7      | Found a staircase to the Ecumenical Temple.
  7673 | D:7      | Found a runed translucent door.
  7673 | D:7      | Noticed math4jedi's ghost (novice HOFi)
  7717 | D:7      | Reached skill level 6 in Dodging
  8106 | D:7      | Killed math4jedi's ghost
  8107 | D:7      | Reached skill level 5 in Fighting
  8107 | D:7      | Reached skill level 9 in Spellcasting
  8107 | D:7      | Reached XP level 10. HP: 57/70 MP: 0/0
  8196 | D:4      | Bought a potion of curing for 30 gold pieces
  8196 | D:4      | Bought a potion of curing for 30 gold pieces
  8196 | D:4      | Bought 2 potions of ambrosia for 160 gold pieces
  8304 | D:8      | Noticed Maggie
  8327 | D:8      | Killed Maggie
  8328 | D:8      | Reached skill level 7 in Dodging
  8436 | D:8      | Reached skill level 6 in Fighting
  8545 | D:8      | Noticed a two-headed ogre
  8581 | D:8      | Killed a two-headed ogre
  8932 | D:8      | Found an opulent altar of Gozag.
  8971 | D:8      | Reached skill level 8 in Dodging
  9245 | D:8      | Found a broken altar of Ashenzari.
  9655 | D:9      | Found a shadowy altar of Dithmenos.
  9668 | D:9      | Reached skill level 7 in Fighting
  9712 | D:9      | Noticed Harold
  9724 | D:9      | Killed Harold
  9725 | D:9      | Reached XP level 11. HP: 76/79 MP: 0/0
  9725 | D:9      | Learned a level 5 spell: Manifold Assault
  9846 | D:9      | Noticed a two-headed ogre
  9864 | D:9      | Killed a two-headed ogre
  9865 | D:9      | Reached skill level 9 in Dodging
  9865 | D:9      | Reached skill level 10 in Spellcasting
  9925 | D:9      | Reached skill level 8 in Fighting
 10026 | D:9      | Reached *** piety under Makhleb
 10236 | D:9      | Noticed a two-headed ogre
 10241 | D:9      | Killed a two-headed ogre
 10468 | D:10     | Entered Level 10 of the Dungeon
 10501 | D:10     | Found Qioteath's General Store.
 10669 | D:10     | Noticed a centaur warrior
 10679 | D:10     | Killed a centaur warrior
 10680 | D:10     | Reached skill level 10 in Dodging
 10701 | D:10     | Reached skill level 9 in Fighting
 10701 | D:10     | Found a staircase to the Orcish Mines.
 10993 | D:10     | Reached skill level 1 in Evocations
 10993 | D:10     | Reached XP level 12. HP: 89/89 MP: 0/0
 11229 | D:11     | Reached skill level 2 in Evocations
 11264 | D:11     | Identified the +8 long sword "Wudwekar" {vorpal, rC- Dex+5
                  | Stlth+}
 11264 | D:11     | Noticed a tengu warrior
 11278 | D:11     | Killed a tengu warrior
 11360 | D:11     | Reached skill level 3 in Evocations
 11462 | D:11     | Found a staircase to the Lair.
 11564 | D:11     | Reached skill level 11 in Spellcasting
 11614 | D:11     | Noticed Psyche
 11618 | D:11     | Killed Psyche
 11825 | D:11     | Reached skill level 10 in Fighting
 11825 | D:11     | Reached skill level 4 in Evocations
 11905 | Orc:1    | Entered Level 1 of the Orcish Mines
 11926 | Orc:1    | Noticed a two-headed ogre
 11928 | Orc:1    | Killed a two-headed ogre
 11928 | Orc:1    | Reached **** piety under Makhleb
 12208 | Orc:2    | Entered Level 2 of the Orcish Mines
 12238 | Orc:2    | Noticed Sonja
 12246 | Orc:2    | Killed Sonja
 12269 | Orc:2    | Noticed a two-headed ogre
 12277 | Orc:2    | Killed a two-headed ogre
 12278 | Orc:2    | Reached skill level 5 in Evocations
 12325 | Orc:2    | Found Juf Juyrara's Antique Weapon Boutique.
 12426 | Orc:2    | HP: 6/91 [orc knight (25)]
 12432 | Orc:2    | HP: 14/91 [orc warrior[an orc knight] (14)]
 12432 | Orc:2    | Demolished by an orc knight

Illustrated notes

Levels and vault maps discovered:
D:1:      onia_arrival_handbag, layout_loops_ring,
          chequers_ecumenical_altar_twisty
D:2:      layout_loops_ring
D:3:      layout_loops_ring, mainiacjoe_overflow_24_doors,
          mainiacjoe_overflow_alcove_1, amcnicky_altar_gilded,
          mainiacjoe_overflow_divided_tiny, minmay_misc_feat_rows
D:4:      layout_rooms, makhleb_altar_promises_db, serial_shops,
          kennysheep_mini, hex_tiny
D:5:      layout_basic, serial_shops, nicolae_shop_bloodbath_and_beyond,
          kennysheep_generic_room_10
D:6:      layout_loops_cross, yredelemnul_forgotten_temple_becter,
          vehumet_crystals, chequers_garden, chequers_serial_rivers_micro_a,
          kennysheep_generic_room_7
D:7:      layout_cave_pods, overflow_temple_1_default,
          pdpol_wu_jian_five_deadly_venoms, minmay_temple_entry_fiery,
          gammafunk_ghost_grave, serial_rivers, chequers_serial_rivers_room_b,
          chequers_serial_rivers_small_3, chequers_serial_rivers_micro_c,
          chequers_serial_rivers_micro_d, chequers_serial_rivers_large_b,
          chequers_serial_rivers_large_a, chequers_serial_rivers_small_a,
          nicolae_wooded_promenade
D:8:      layout_layer_cave, mainiacjoe_overflow_small_starburst,
          nicolae_ashenzari_skybound, uniq_maggie
D:9:      layout_long_grid, nicolae_dithmenos_the_darkroom, uniq_harold
D:10:     layout_roguey, orc_0_dummy, serial_shops, shop_fountains
D:11:     layout_big_octagon, uniq_psyche
Orc:1:    layout_caves
Orc:2:    st_orc_open, layout_diamond_mine, serial_shops,
          nicolae_shop_overgrown_old_shop, nicolae_shop_hallway_plus,
          basic_altar, uniq_sonja

Skill      XL: |  1  2  3  4  5  6  7  8  9 10 11 12 |
---------------+-------------------------------------+-----
Spellcasting   | 4 5 6 7 8 9 10 11 | 11.5
Fighting       | 2 5 7 9 10 | 10.0
Dodging        | 3 6 8 10 | 10.0
Evocations     | 1 5 |  5.0
Stealth        | |  1.5

Action                   |  1- 3 |  4- 6 |  7- 9 | 10-12 || total
-------------------------+-------+-------+-------+-------++-------
Melee: Short sword       |     6 |       |       |       ||     6
       Punch             |     1 |       |     3 |     5 ||     9
       Mace              |       |    23 |   163 |   374 ||   560
 Cast: Freeze            |    35 |    50 |    84 |    86 ||   255
       Frozen Ramparts   |       |     9 |    30 |    45 ||    84
       Call Imp          |       |     1 |     3 |       ||     4
       Ozocubu's Armour  |       |     2 |    24 |    45 ||    71
       Hailstorm         |       |       |     2 |    23 ||    25
       Passage of Golubr |       |       |       |     2 ||     2
       Manifold Assault  |       |       |       |    54 ||    54
Evoke: Wand              |       |       |     5 |    18 ||    23
  Use: Potion            |       |     3 |       |     3 ||     6
       Scroll            |       |       |     7 |     7 ||    14
 Stab: Sleeping          |     1 |       |       |       ||     1
Armor: Robe              |     5 |     5 |   137 |   235 ||   382
       Skin              |       |    16 |       |       ||    16
Dodge: Dodged            |    18 |    38 |   193 |   785 ||  1034

Table legend: (Time is in decaauts)
 A = Elapsed time spent in this place.
 B = Non-inter-level travel time spent in this place.
 C = Inter-level travel time spent in this place.
 D = Time resting spent in this place.
 E = Time spent auto-exploring this place.
 F = Levels seen in this place.
 G = Mean time per level.
                   A        B        C        D        E       F      G
               +--------+--------+--------+--------+--------+-----+--------+
         Total |  12633 |  12165 |    468 |    141 |   9587 |  13 |  971.8 |
       Dungeon |  12091 |  11650 |    441 |    141 |   9217 |  11 | 1099.2 |
  Orcish Mines |    542 |    516 |     26 |      0 |    370 |   2 |  271.0 |
               +--------+--------+--------+--------+--------+-----+--------+

Top non-repeatable levels by time:
     D:4: 1608 daAuts
     D:8: 1417 daAuts
     D:5: 1252 daAuts
     D:3: 1202 daAuts
     D:7: 1121 daAuts
     D:1: 1060 daAuts
     D:6: 1055 daAuts
     D:2: 1054 daAuts
     D:9: 827 daAuts
    D:11: 815 daAuts
    D:10: 677 daAuts
   Orc:1: 330 daAuts
   Orc:2: 211 daAuts

Table legend:
 A = Kills in this place as a percentage of kills in entire the game.
 B = Kills by you in this place as a percentage of kills by you in the entire game.
 C = Kills by friends in this place as a percentage of kills by friends in the entire game.
 D = Other kills in this place as a percentage of other kills in the entire game.
 E = Experience gained in this place as a percentage of experience gained in the entire game.
 F = Experience gained in this place divided by the number of levels of this place that you have seen.
                   A       B       C       D       E      F
               +-------+-------+-------+-------+-------+----------------------
         Total | 100.0 | 100.0 | 100.0 |   N/A | 100.0 | 1861.2
       Dungeon |  89.2 |  89.2 | 100.0 |   N/A |  85.1 | 1872.5
  Orcish Mines |  10.8 |  10.8 |   0.0 |   N/A |  14.9 | 1799.0
               +-------+-------+-------+-------+-------+----------------------
